AoeStats
← RDA Ronan

Arena

507165479Analyzed
4v4 RM · 14d ago on Sep 16, 2026· 56m 53s· 8 players
Game mode
Random Map
Map size
Large (8 player)
Population
200
Speed
Normal
Resources
Standard
Victory
Conquest
Starting age
Dark Age
Ending age
Imperial Age
RankedLock teamsTeams togetherTeam positionsShared explorationLock speedFull tech treeHidden civsTurbo modeCheats
Victory
Defeat
🇦🇷 Wei · Argentina
1256
+15
🇦🇷 Jurchens · Argentina
1226
+17
🇦🇷 Khmer · Argentina
1191
+18
🇪🇸 Franks · Spain
1143
+20
🇨🇱 Persians · Chile
1299
-19
🇮🇳 Bengalis · India
1268
-19
🇸🇪 Bohemians · Sweden
1239
-18
🇨🇱 Aztecs · Chile
1146
-14
Genghis huns
10:19 Feudal Age
14:20 Castle Age
13:10 Double-Bit Axe
15:46 Bow Saw
16:32 Loom
18:11 Wheelbarrow
18:35 Horse Collar
18:54 Pikeman
21:33 Scale Mail Armor
23:18 Hand Cart
24:23 Elite Skirmisher
24:54 Fletching
30:26 Imperial Age
28:14 Gold Mining
29:05 Bodkin Arrow
29:45 Heavy Plow
31:07 Ballistics
31:10 Bracer
32:15 Chemistry
33:17 Conscription
34:05 Paiks
34:09 Elite Elephant Archer
36:40 Bloodlines
36:30 Husbandry
37:16 Mahayana
38:30 Padded Archer Armor
38:17 Light Cavalry
38:40 Elite Ratha (Ranged)
40:26 Leather Archer Armor
41:44 Ring Archer Armor
scarabe
10:52 Feudal Age
15:21 Castle Age
13:52 Loom
14:37 Double-Bit Axe
14:36 Horse Collar
17:18 Padded Archer Armor
17:11 Fletching
17:22 Padded Archer Armor
18:06 Bodkin Arrow
18:57 Elite Skirmisher
23:55 Chemistry
23:52 Fervor
27:42 Town Watch
31:08 Leather Archer Armor
35:13 Imperial Age
33:56 Masonry
35:39 Wheelbarrow
36:14 Fortified Wall
40:09 Ring Archer Armor
39:40 Bracer
46:03 Hand Cart
[KKCK]elSalmon
10:23 Feudal Age
14:32 Castle Age
13:54 Double-Bit Axe
22:31 Loom
24:23 Fletching
26:03 Wheelbarrow
25:41 Bodkin Arrow
25:28 Pikeman
31:00 Scale Mail Armor
31:11 Forging
31:00 Gambesons
31:16 Squires
35:21 Horse Collar
36:13 Hand Cart
36:07 Gold Mining
39:06 Imperial Age
37:03 Scale Barding Armor
37:34 Iron Casting
37:55 Murder Holes
38:14 Masonry
38:25 Ballistics
38:16 Clinker Construction
39:04 Chain Mail Armor
39:08 Bloodlines
38:58 Husbandry
39:45 Chain Barding Armor
40:10 Bow Saw
40:02 Elite War Elephant
42:42 Blast Furnace
42:18 Plate Barding Armor
42:27 Conscription
44:41 Architecture
44:15 Onager
45:58 Chemistry
46:26 Halberdier
NPG | Kenji
10:06 Feudal Age
15:45 Castle Age
15:01 Double-Bit Axe
14:58 Horse Collar
18:03 Loom
24:08 Pikeman
25:48 Herbal Medicine
27:32 Redemption
29:13 Eagle Warrior
34:16 Bow Saw
37:36 Imperial Age
35:53 Scale Mail Armor
36:04 Forging
36:26 Squires
38:55 Wheelbarrow
RDA | Karnage
9:36 Feudal Age
8:06 Loom
15:37 Castle Age
14:40 Forging
15:52 Scale Barding Armor
19:25 Wheelbarrow
19:19 Double-Bit Axe
25:31 Husbandry
29:46 Chain Barding Armor
29:28 Town Watch
31:56 Iron Casting
39:32 Imperial Age
37:30 Gold Mining
37:31 Stone Mining
40:39 Cavalier
44:46 Light Cavalry
46:05 Plate Barding Armor
46:25 Paladin
RDA Ghosti
9:48 Feudal Age
13:40 Castle Age
12:07 Double-Bit Axe
23:05 Gold Mining
22:55 Horse Collar
24:54 Padded Archer Armor
24:53 Fletching
28:13 Leather Archer Armor
28:04 Scale Barding Armor
28:12 Loom
30:21 Scale Barding Armor
30:28 Forging
31:10 Ballistics
31:13 Siege Engineers
37:32 Imperial Age
34:54 Elite Skirmisher
35:32 Bodkin Arrow
36:59 Chain Barding Armor
37:53 Bow Saw
38:54 Ring Archer Armor
43:27 Chemistry
RDA Ronan
10:34 Feudal Age
11:51 Double-Bit Axe
14:26 Castle Age
13:10 Loom
17:03 Wheelbarrow
17:16 Town Watch
19:06 Wheelbarrow
19:49 Light Cavalry
24:20 Bow Saw
24:13 Gold Mining
26:05 Bloodlines
27:05 Horse Collar
27:47 Hand Cart
28:04 Scale Barding Armor
29:45 Chain Barding Armor
30:12 Heavy Plow
30:18 Husbandry
30:52 Stone Mining
31:39 Gold Shaft Mining
34:51 Imperial Age
33:51 Forging
34:56 Stone Shaft Mining
35:16 Iron Casting
34:49 Town Patrol
35:33 Ballistics
35:05 Heavy Scorpion
36:55 Conscription
37:23 Double Crossbow
38:33 Chemistry
39:25 Conscription
38:50 Capped Ram
38:54 Hussar
43:08 Plate Barding Armor
44:17 Blast Furnace
44:55 Siege Ram
50:42 Coinage
51:00 Siege Engineers
RDA Infernus
10:15 Feudal Age
14:09 Castle Age
13:22 Scale Barding Armor
13:04 Double-Bit Axe
13:43 Horse Collar
14:12 Loom
18:01 Wheelbarrow
18:17 Heavy Plow
22:24 Bloodlines
23:06 Husbandry
24:49 Hand Cart
24:52 Town Watch
25:55 Forging
27:39 Chain Barding Armor
28:48 Bow Saw
32:32 Imperial Age
30:35 Gold Mining
30:35 Stone Mining
30:59 Town Patrol
32:43 Iron Casting
33:23 Gold Shaft Mining
32:52 Treadmill Crane
32:42 Heavy Hei Guang Cavalry
35:05 Blast Furnace
36:21 Chemistry
35:42 Ballistics
37:04 Crop Rotation
37:57 Ming Guang Armor
37:53 Conscription
49:18 Masonry
49:04 Murder Holes
49:02 Fletching
54:55 Tuntian
54:31 Light Cavalry
55:41 Hussar
Connection lost

Rejoining the realm…

Still unreachable

The connection could not be restored.

Session expired

The server has moved on; the page needs a fresh start.